 Dungeon Crawl Stone Soup version 0.24.1-14-gf8d2b509d9 (webtiles) character file.

Game seed: 13807506126848856340, levelgen mode: deterministic

5730 Chiseanne the Protected (level 10, -8/79 HPs)
             Began as a Gnoll Wanderer on May 31, 2020.
             Was an Initiate of Gozag.
             Mangled by a yak (13 damage)
             ... on level 9 of the Dungeon.
             The game lasted 00:33:07 (8444 turns).

Chiseanne the Protected (Gnoll Wanderer)            Turns: 8444, Time: 00:33:08

Health: -8/79      AC: 13    Str: 16    XL:     10   Next: 77%
Magic:  27/27      EV: 11    Int: 15    God:    Gozag
Gold:   108        SH: 10    Dex: 16    Spells: 20/20 levels left

rFire    + . .     SeeInvis .   a - +4 spear (venom)
rCold    + + .     Gourm    .   b - +0 shield
rNeg     . . .     Faith    .   i - +1 scale mail "Tydwaopt" {rC++ Stlth+}
rPois    +         Spirit   .   w - +0 hat
rElec    .         Reflect  .   (no cloak)
rCorr    .         Harm     .   q - +1 pair of gloves
MR       .....                  h - +0 pair of boots
Stlth    +++.......             (no amulet)
HPRegen  0.23/turn              z - ring of magical power
MPRegen  0.20/turn              (no ring)

@: gold aura
A: distributed training, fangs 1, fire resistance 1, poison resistance, strong
nose
a: Potion Petition, Call Merchant, Bribe Branch, Renounce Religion


You were on level 9 of the Dungeon.
You worshipped Gozag.
Gozag was aware of your devotion.
You were not hungry.

You visited 2 branches of the dungeon, and saw 11 of its levels.

You collected 960 gold pieces.
You paid 852 gold pieces to Gozag.

Inventory:

Hand Weapons
 a - a +4 spear of venom (weapon)
 d - a +5 falchion of freezing
 s - a +1 antimagic mace
 G - a +5 scimitar
Missiles
 g - 8 poisoned darts (quivered)
 l - 13 boomerangs
 n - 38 bolts
 C - 29 sling bullets
 M - 2 throwing nets
Armour
 b - a +0 shield (worn)
 c - the +1 robe of Xuisk {Regen+ Dex+2 SInv}
   (You found it on level 5 of the Dungeon)

   It affects your dexterity (+2).
   It lets you see invisible.
   It increases your rate of regeneration.
 h - a +0 pair of boots (worn)
 i - the +1 scale mail "Tydwaopt" (worn) {rC++ Stlth+}
   (You took it off an orc on level 5 of the Dungeon)

   It greatly protects you from cold.
   It makes you more stealthy.
 m - a +2 leather armour of fire resistance
 p - a +0 large shield
 q - a +1 pair of gloves (worn)
 w - a +0 hat (worn)
Jewellery
 z - a ring of magical power (left hand)
 K - an uncursed ring of protection from fire {unknown}
Wands
 y - a wand of enslavement (1)
 A - a wand of flame (20)
 J - a wand of random effects (7)
Scrolls
 f - a scroll of amnesia
 k - 3 scrolls of teleportation
 o - a scroll of fear
 r - a scroll of enchant armour
 x - a scroll of blinking
 B - 5 scrolls of identify
 D - a scroll of fog
 E - 3 scrolls of remove curse
 L - a scroll of silence
Potions
 j - 2 potions of flight
 t - 3 potions of lignification
 v - 3 potions of haste
 F - 2 potions of curing
 H - a potion of resistance {unknown}
 I - a potion of heal wounds
 N - a potion of berserk rage
Comestibles
 e - 14 rations


   Skills:
 + Level 7.2 Fighting
 + Level 5.5 Short Blades
 + Level 7.2 Long Blades
 + Level 5.5 Axes
 + Level 5.5 Maces & Flails
 + Level 5.5 Polearms
 + Level 5.5 Staves
 + Level 5.5 Slings
 + Level 5.5 Bows
 + Level 6.1 Crossbows
 + Level 5.5 Throwing
 + Level 8.6 Armour
 + Level 5.5 Dodging
 + Level 5.5 Stealth
 + Level 6.1 Shields
 + Level 5.5 Unarmed Combat
 + Level 5.5 Spellcasting
 + Level 4.5 Conjurations
 + Level 4.5 Hexes
 + Level 4.5 Charms
 + Level 4.5 Summonings
 + Level 4.5 Necromancy
 + Level 4.5 Translocations
 + Level 4.5 Transmutations
 + Level 4.5 Fire Magic
 + Level 4.5 Ice Magic
 + Level 4.5 Air Magic
 + Level 4.5 Earth Magic
 + Level 4.5 Poison Magic
 + Level 6.0 Invocations
 + Level 6.1 Evocations


You had 20 spell levels left.
You didn't know any spells.
Your spell library contained the following spells:

 Spells                   Type           Power        Failure   Level  Hunger
 Animate Skeleton         Necr           N/A          22%         1    None
 Confusing Touch          Hex            ###...       22%         1    None
 Pain                     Necr           ###.         22%         1    None
 Swiftness                Chrm/Air       ###.....     32%         2    #......
 Confuse                  Hex            ###.....     54%         3    ###....
 Gell's Gravitas          Tloc           ###.......   54%         3    ###....
 Regeneration             Chrm/Necr      ###.......   54%         3    ###....
 Vampiric Draining        Necr           ###.......   54%         3    ###....
 Airstrike                Air            ###.......   91%         4    ####...
 Animate Dead             Necr           N/A          91%         4    ####...
 Petrify                  Tmut/Erth      ###.....     91%         4    ####...
 Summon Lightning Spire   Summ/Air       ###.....     91%         4    ####...
 Agony                    Necr           ###.....     99%         5    ######.
 Dispel Undead            Necr           ###.....     99%         5    ######.
 Metabolic Englaciation   Hex/Ice        ###.......   99%         5    ######.
 Yara's Violent Unravell  Hex/Tmut       ###.......   99%         5    ######.


Dungeon Overview and Level Annotations

Branches:
Dungeon (10/15)            Temple (1/1) D:7
   Lair: D:8-11         Orc: D:9-12

Altars:
Cheibriados
Dithmenos
Elyvilon
Gozag
Hepliaklqana
Kikubaaqudgha
Makhleb
Nemelex Xobeh
Okawaru
Qazlal
Ru
Sif Muna
Vehumet
Xom
Yredelemnul
Zin
The Shining One

Shops:
D:4 (   D:9 (

Annotations:
D:6 3 runed translucent doors, evilpenguin128's ghost, novice GrEE


Innate Abilities, Weirdness & Mutations

Your experience applies equally to all skills.
You have very sharp teeth.
Your uncanny sense of smell can sniff out nearby items.
Your flesh is heat resistant. (rF+)
Your system is resistant to poisons. (rPois)


Message History

You block the yak's attack. The yak gores you but does no damage.
The yak barely misses you. The yak gores you but does no damage.
You hit the yak.
The yak is severely wounded.
The yak gores you. The yak gores you! You block the yak's attack. x2
You hit the yak.
The yak is severely wounded.
The yak barely misses you.
You block the yak's attack. x2; The yak gores you.
* * * LOW HITPOINT WARNING * * *
You hit the yak but do no damage.
The yak is almost dead.
You block the yak's attack. The yak gores you!
* * * LOW HITPOINT WARNING * * *
You hit the yak but do no damage.
The yak is almost dead.
You kill the yak!
Your Invocations skill increases to level 6!
The yak closely misses you. The yak gores you!
You die...
Your body crumbles into a pile of gold.

........#......#.#######.#####.##
#8###8########.#.).............#
### ### #...#######.####### #
##..# #.# ## #.# #..# #.# .#.#.#
#..# #.# .#.#.# #..# #.# .#.#.#
##∩# #.# .#.#.# ##@## #.# .#.#.#


#YYY# #<# ##.#.##########...# ### ...#..............## )...###...##.......#
....##8(..8#.......# #######)..##.......# 8###8##...##.......#
..........##.......# You could see 3 yaks.

Vanquished Creatures
  A two-headed ogre (D:9)
  6 yaks (D:9)
  A hungry ghost (D:9)
  A water moccasin (D:4)
  4 orc warriors
  4 ice beasts
  A sky beast (D:7)
  A phantom (D:9)
  4 ogres
  6 bullfrogs
  A gnoll sergeant (D:8)
  2 scorpions
  3 killer bees (D:8)
  A howler monkey (D:6)
  3 wights (D:9)
  3 crimson imps
  4 hounds
  A quasit (D:9)
  A centaur zombie (D:6)
  A bullfrog zombie (D:8)
  7 orc priests
  A jelly (D:8)
  2 centaur skeletons (D:5)
  3 iguanas
  9 orc wizards
  5 worker ants
  2 worker ant zombies
  5 gnolls
  11 adders
  A shadow imp (D:9)
  3 oozes
  An adder zombie (D:7)
  A worm (D:3)
  A dart slug (D:5)
  3 leopard geckos
  34 orcs
  3 giant cockroaches
  3 goblins
  2 hobgoblins (D:1)
  6 jackals
  6 quokkas
  4 bats
  A frilled lizard (D:1)
  A jackal skeleton (D:6)
  6 kobolds
  5 rats
175 creatures vanquished.

Vanquished Creatures (others)
  Harold (D:10)
1 creature vanquished.

Grand Total: 176 creatures vanquished

Notes
Turn   | Place    | Note
-------+----------+-------------------------------------------
     0 | D:1      | Chiseanne the Gnoll Wanderer began the quest for the Orb.
     0 | D:1      | Chiseanne set off with the following items: a +0 falchion,
                  | a +0 shield, a +0 ring mail, a ration
     0 | D:1      | Reached XP level 1. HP: 20/20 MP: 2/2
    58 | D:1      | Reached XP level 2. HP: 22/26 MP: 3/3
   211 | D:2      | Reached XP level 3. HP: 26/31 MP: 4/4
   524 | D:3      | Reached skill level 1 in Invocations
   530 | D:3      | Reached skill level 1 in Short Blades
   530 | D:3      | Reached skill level 1 in Axes
   530 | D:3      | Reached skill level 1 in Maces & Flails
   530 | D:3      | Reached skill level 1 in Polearms
   530 | D:3      | Reached skill level 1 in Staves
   530 | D:3      | Reached skill level 1 in Slings
   530 | D:3      | Reached skill level 1 in Bows
   530 | D:3      | Reached skill level 1 in Throwing
   530 | D:3      | Reached skill level 1 in Dodging
   530 | D:3      | Reached skill level 1 in Stealth
   530 | D:3      | Reached skill level 1 in Unarmed Combat
   530 | D:3      | Reached skill level 1 in Spellcasting
   535 | D:3      | Found a basalt altar of Yredelemnul.
   537 | D:3      | Found a sparkling altar of Nemelex Xobeh.
   551 | D:3      | Found a white marble altar of Elyvilon.
   555 | D:3      | Reached XP level 4. HP: 30/38 MP: 6/6
  1139 | D:2      | Reached skill level 1 in Conjurations
  1139 | D:2      | Reached skill level 1 in Hexes
  1139 | D:2      | Reached skill level 1 in Charms
  1139 | D:2      | Reached skill level 1 in Summonings
  1139 | D:2      | Reached skill level 1 in Necromancy
  1139 | D:2      | Reached skill level 1 in Translocations
  1139 | D:2      | Reached skill level 1 in Transmutations
  1139 | D:2      | Reached skill level 1 in Fire Magic
  1139 | D:2      | Reached skill level 1 in Ice Magic
  1139 | D:2      | Reached skill level 1 in Air Magic
  1139 | D:2      | Reached skill level 1 in Earth Magic
  1139 | D:2      | Reached skill level 1 in Poison Magic
  1231 | D:2      | Reached XP level 5. HP: 39/43 MP: 7/7
  1712 | D:3      | Found a glowing golden altar of the Shining One.
  2142 | D:4      | Found a shadowy altar of Dithmenos.
  2256 | D:4      | Found an iron altar of Okawaru.
  2298 | D:4      | Found Yssosoeki's Weapon Emporium.
  2385 | D:5      | Entered Level 5 of the Dungeon
  2390 | D:5      | Noticed an ice beast
  2433 | D:5      | Noticed a sky beast
  2733 | D:5      | Noticed a water moccasin
  2742 | D:4      | Reached XP level 6. HP: 48/50 MP: 8/8
  2778 | D:4      | Killed a water moccasin
  2778 | D:4      | Reached skill level 5 in Fighting
  2778 | D:4      | Reached skill level 5 in Long Blades
  3090 | D:5      | Reached XP level 7. HP: 54/56 MP: 3/10
  3106 | D:5      | Found a burning altar of Makhleb.
  3106 | D:5      | Found a stormy altar of Qazlal.
  3112 | D:5      | Found a shimmering blue altar of Sif Muna.
  3118 | D:5      | Found a sacrificial altar of Ru.
  3147 | D:5      | Gained mutation: Your system is resistant to poisons.
                  | (rPois) [potion of mutation]
  3147 | D:5      | Gained mutation: You passively map a small area around you.
                  | [potion of mutation]
  3147 | D:5      | Lost mutation: You passively map a small area around you.
                  | [potion of mutation]
  3147 | D:5      | Gained mutation: Your flesh is heat resistant. (rF+)
                  | [potion of mutation]
  3162 | D:5      | Reached skill level 7 in Armour
  3455 | D:5      | Identified the +1 scale mail "Tydwaopt" {rC++ Stlth+}
  3457 | D:5      | Reached XP level 8. HP: 36/63 MP: 10/12
  3619 | D:5      | Got a fine robe
  4155 | D:6      | Found a runed translucent gate.
  4155 | D:6      | Found a runed translucent gate.
  4155 | D:6      | Found a runed translucent gate.
  4157 | D:6      | Noticed evilpenguin128's ghost (novice GrEE)
  4422 | D:6      | Found a glowing silver altar of Zin.
  4458 | D:6      | Reached XP level 9. HP: 18/69 MP: 14/14
  4733 | D:7      | Found a staircase to the Ecumenical Temple.
  4747 | Temple   | Entered the Ecumenical Temple
  5031 | Temple   | Became a worshipper of Gozag Ym Sagoz the Greedy
  5133 | D:7      | Found an ancient bone altar of Kikubaaqudgha.
  5474 | D:8      | Identified the +1 robe of Xuisk {Regen+ Dex+2 SInv} (You
                  | found it on level 5 of the Dungeon)
  5765 | D:7      | Reached skill level 5 in Crossbows
  5765 | D:7      | Reached skill level 5 in Shields
  5765 | D:7      | Reached skill level 5 in Evocations
  6136 | D:7      | Reached skill level 8 in Armour
  6435 | D:8      | Reached skill level 5 in Invocations
  7026 | D:9      | Reached XP level 10. HP: 60/77 MP: 17/17
  7413 | D:9      | Reached skill level 5 in Short Blades
  7413 | D:9      | Reached skill level 5 in Axes
  7413 | D:9      | Reached skill level 5 in Maces & Flails
  7413 | D:9      | Reached skill level 5 in Polearms
  7413 | D:9      | Reached skill level 5 in Staves
  7413 | D:9      | Reached skill level 5 in Slings
  7413 | D:9      | Reached skill level 5 in Bows
  7413 | D:9      | Reached skill level 5 in Throwing
  7413 | D:9      | Reached skill level 5 in Dodging
  7413 | D:9      | Reached skill level 5 in Stealth
  7413 | D:9      | Reached skill level 5 in Unarmed Combat
  7413 | D:9      | Reached skill level 5 in Spellcasting
  7424 | D:9      | Identified the Disquisition on Evil Feathers
  7494 | D:9      | Noticed a two-headed ogre
  7510 | D:9      | Killed a two-headed ogre
  7964 | D:10     | Entered Level 10 of the Dungeon
  7995 | D:10     | Noticed Harold
  8028 | D:10     | Your ally died
  8444 | D:9      | Mangled by a yak

Levels and vault maps discovered:
D:1:      minmay_arrival_shattered_statue, layout_basic
D:2:      layout_rooms, first_ration, nicolae_ru_the_path_less_chosen,
          uniq_robin, uniq_sigmund
D:3:      layout_basic, lemuel_crystal_altar, old_standard_altar,
          nicolae_overflow_hidden_temple
D:4:      layout_gridville, marbit_many_paths,
          grunt_dithmenos_smoke_and_mirrors, okawaru_ov_weapons_minmay,
          serial_shops, shop
D:5:      layout_cave_pools, grunt_temple_overflow_open
D:6:      layout_rooms, zin_scriptorium, gammafunk_ghost_necromancy,
          cheibrodos_sewer_entry_bend, minivault_24
D:7:      layout_rooms, lemuel_round_altar, minmay_temple_entry_hall
D:8:      layout_basic
D:9:      layout_basic, serial_corexii_hall, chequers_hall_statues_y,
          corexii_hall_statues_s
D:10:     layout_rooms, serial_ice, serial_ice_d, serial_ice_b, serial_ice_f,
          serial_ice_e, serial_shops, shop, uniq_harold, uniq_grum, uniq_sonja
Temple:   compressed_dpeg_triangle_lava_temple

Skill      XL: |  1  2  3  4  5  6  7  8  9 10 |
---------------+-------------------------------+-----
Invocations    | 1 2 3 4 5 6 |  6.0
Short Blades   | 1 2 3 4 5 |  5.5
Axes           | 1 2 3 4 5 |  5.5
Maces & Flails | 1 2 3 4 5 |  5.5
Polearms       | 1 2 3 4 5 |  5.5
Staves         | 1 2 3 4 5 |  5.5
Slings         | 1 2 3 4 5 |  5.5
Bows           | 1 2 3 4 5 |  5.5
Throwing       | 1 2 3 4 5 |  5.5
Dodging        | 1 2 3 4 5 |  5.5
Stealth        | 1 2 3 4 5 |  5.5
Unarmed Combat | 1 2 3 4 5 |  5.5
Spellcasting   | 1 2 3 4 5 |  5.5
Conjurations   | 1 2 3 4 |  4.5
Hexes          | 1 2 3 4 |  4.5
Charms         | 1 2 3 4 |  4.5
Summonings     | 1 2 3 4 |  4.5
Necromancy     | 1 2 3 4 |  4.5
Translocations | 1 2 3 4 |  4.5
Transmutations | 1 2 3 4 |  4.5
Fire Magic     | 1 2 3 4 |  4.5
Ice Magic      | 1 2 3 4 |  4.5
Air Magic      | 1 2 3 4 |  4.5
Earth Magic    | 1 2 3 4 |  4.5
Poison Magic   | 1 2 3 4 |  4.5
Crossbows      | 3 4 5 6 |  6.1
Shields        | 3 4 5 6 |  6.1
Evocations     | 3 4 5 6 |  6.1
Fighting       | 5 6 7 |  7.2
Long Blades    | 5 6 7 |  7.2
Armour         | 7 8 |  8.6

Action                   |  1- 3 |  4- 6 |  7- 9 | 10-12 || total
-------------------------+-------+-------+-------+-------++-------
Melee: Falchion          |    85 |   247 |   333 |    46 ||   711
       Bite              |     5 |    24 |    73 |    19 ||   121
       Mace              |       |     5 |     7 |    19 ||    31
       Spear             |       |       |   134 |    72 ||   206
Throw: Stone             |       |     1 |       |       ||     1
       Boomerang         |       |     2 |     6 |       ||     8
       Javelin           |       |       |    23 |     5 ||    28
       Dart              |       |       |     2 |     4 ||     6
Invok: Potion Petition   |       |       |     1 |       ||     1
       Call Merchant     |       |       |       |     1 ||     1
Evoke: Wand              |       |       |    15 |     5 ||    20
  Use: Scroll            |       |    11 |     6 |     2 ||    19
       Potion            |       |     2 |     5 |     2 ||     9
 Stab: Sleeping          |       |     2 |     5 |     1 ||     8
       Distracted        |       |       |     1 |       ||     1
  Eat: Chunk             |       |     8 |     6 |       ||    14
       Ration            |       |       |     2 |     4 ||     6
Armor: Ring mail         |    39 |    98 |    45 |       ||   182
       Scale mail        |       |       |   129 |    47 ||   176
Dodge: Dodged            |    24 |    76 |   190 |    44 ||   334
Block: Shield            |    41 |    96 |   210 |    72 ||   419
       Rpst.: Falchion   |    14 |    28 |    49 |     2 ||    93
